Map: Oxide LE

Players

RazerBlader - Winner!

  • Race: Terran Terran
  • League: Master
  • Spawn Location: 1:00

Ranger

  • Race: Protoss Protoss
  • Spawn Location: 7:00

Event: DreamHack SC2 Masters 2020 Winter

VOD

Have the link to the VOD?

Description

Time

  • Played on: Oct. 17, 2020, 10:25 p.m.
  • Length: 9:30

All games in this series

Show
View Real Time Build Order
Export as new Build Order

RazerBlader Terran - Winner!

Build Orders: Reaper Expand 

Get SALT Encoding   

  12  0:00  SCV  
  13  0:12  SCV  
  14  0:17  Supply Depot  
  14  0:24  SCV  
  15  0:39  SCV  
  15  0:40  Barracks  
  16  0:44  Refinery  
  16  0:51  SCV  
  17  1:03  SCV  
  18  1:15  SCV  
  19  1:30  Orbital Command, Reaper  
  20  1:43  Command Center  
  20  1:56  SCV  
  20  2:00  Supply Depot  
  21  2:01  Marine  
  21  2:08  SCV  
  23  2:12  Factory  
  23  2:19  Bunker  
  23  2:22  SCV  
  24  2:25  Barracks Reactor  
  24  2:33  Refinery  
  24  2:34  SCV  
  25  2:46  SCV  
  26  2:55  Orbital Command  
  28  2:58  Hellion  
  28  3:00  Starport, SCV  
  28  3:04  Marine x2  
  31  3:12  SCV  
  32  3:21  Widow Mine, Supply Depot  
  32  3:22  Marine  
  32  3:25  SCV x2  
  32  3:27  Marine  
  38  3:37  Medivac, SCV  
  38  3:40  Marine  
  38  3:41  SCV  
  43  3:42  Widow Mine  
  43  3:45  Marine  
  46  3:49  SCV  
  46  3:53  SCV, Supply Depot  
  48  4:01  SCV  
  49  4:03  Marine x2  
  49  4:05  SCV  
  49  4:07  Factory Tech Lab, Starport Tech Lab  
  52  4:13  SCV  
  53  4:17  SCV  
  53  4:20  Marine  
  56  4:24  Barracks  
  56  4:25  SCV  
  56  4:26  Supply Depot, Barracks  
  56  4:29  Raven, SCV  
  60  4:35  Siege Tank  
  62  4:40  Supply Depot  
  62  4:41  Refinery  
  62  4:47  Marine  
  63  4:57  SCV  
  63  4:58  Marine, SCV  
  64  5:01  Supply Depot, Engineering Bay  
  64  5:04  Refinery  
  62  5:07  Marine  
  62  5:09  SCV  
  62  5:10  SCV  
  65  5:21  SCV  
  66  5:23  SCV  
  66  5:25  Marauder x2, Stimpack  
  66  5:26  Factory Reactor, Starport Reactor  
  71  5:30  Supply Depot  
  71  5:32  Terran Infantry Weapons Level 1  
  71  5:33  Marine, SCV  
  71  5:35  SCV  
  74  5:45  SCV, Marine  
  74  5:47  SCV, Marauder x2  
  73  5:57  SCV  
  73  5:58  Marine  
  73  5:59  SCV  
  76  6:05  Combat Shield, Widow Mine x2  
  76  6:08  Marauder  
  76  6:09  Marauder, SCV  
  86  6:11  SCV  
  86  6:13  Missile Turret  
  86  6:14  Supply Depot  
  86  6:22  Medivac, Marine x2  
  86  6:24  Medivac  
  88  6:26  SCV  
  88  6:27  SCV  
  88  6:30  Marauder  
  88  6:32  Widow Mine  
  94  6:36  Widow Mine  
  96  6:41  Marine x2, Marauder  
  96  6:45  SCV x2  
  99  6:50  Supply Depot  
  99  6:55  Marauder  
  99  6:57  SCV  
  102  7:02  Medivac x2  
  102  7:03  Marauder  
  108  7:09  Marine x2  
  108  7:12  Widow Mine x2  
  114  7:16  Marauder  
  116  7:24  Marine  
  117  7:33  Command Center  
  117  7:36  Marine  
  117  7:37  Marine  
  116  7:43  Widow Mine x2, Marauder  
  116  7:44  Barracks  
  123  7:45  Barracks  
  112  7:59  Marine x2  
  112  8:00  Marauder  
  112  8:04  Marauder  
  108  8:13  Widow Mine  
  108  8:14  SCV  
  108  8:17  Marine x2  
  108  8:18  SCV  
  111  8:21  Marauder  
  111  8:26  Marauder, SCV  
  112  8:29  Widow Mine  
  112  8:30  SCV  
  112  8:34  Widow Mine, Marine  
  112  8:40  SCV  
  114  8:41  Barracks Tech Lab  
  114  8:42  SCV, Marine  
  114  8:43  Armory, Barracks Reactor  
  114  8:45  Engineering Bay  
  114  8:47  Marauder  
  118  8:52  SCV, Marine  
  119  8:59  Widow Mine  
  119  9:00  Marine  
  119  9:01  SCV  
  115  9:03  Orbital Command  
  115  9:04  SCV  
  114  9:13  SCV  
  114  9:16  SCV  
Show
View Real Time Build Order
Export as new Build Order

Ranger Protoss 

Build Orders: 1 Gate Expand 

Get SALT Encoding   

  12  0:00  Probe  
  13  0:12  Probe  
  14  0:17  Pylon  
  14  0:24  Probe  
  15  0:35  Gateway  
  15  0:37  Probe (Chrono Boost)  
  16  0:46  Assimilator, Probe (Chrono Boost)  
  17  0:51  Probe (Chrono Boost)  
  18  1:03  Probe  
  19  1:17  Probe  
  20  1:26  Nexus  
  20  1:33  Cybernetics Core  
  20  1:41  Probe  
  20  1:42  Assimilator  
  21  1:49  Pylon  
  21  1:54  Probe  
  22  2:06  Probe (Chrono Boost)  
  22  2:07  Stalker (Chrono Boost)  
  23  2:10  Warp Gate  
  25  2:18  Probe (Chrono Boost)  
  26  2:23  Probe (Chrono Boost)  
  26  2:27  Robotics Facility  
  27  2:32  Probe  
  28  2:41  Probe (Chrono Boost)  
  28  2:46  Sentry  
  28  2:48  Probe (Chrono Boost)  
  31  2:52  Gateway  
  31  2:53  Probe (Chrono Boost)  
  33  2:59  Probe (Chrono Boost)  
  33  3:00  Pylon, Probe (Chrono Boost)  
  34  3:08  Probe  
  34  3:09  Probe  
  36  3:13  Shield Battery  
  36  3:16  Observer (Chrono Boost)  
  37  3:20  Probe  
  37  3:22  Stalker, Probe  
  41  3:32  Probe  
  42  3:36  Robotics Bay  
  42  3:37  Probe  
  43  3:46  Pylon, Probe  
  43  3:49  Warp Prism (Chrono Boost)  
  43  3:53  Probe  
  46  3:58  Probe  
  46  4:01  Assimilator  
  47  4:03  Assimilator  
  47  4:06  Stalker  
  47  4:09  Pylon  
  49  4:10  Probe  
  50  4:21  Stalker  
  52  4:29  Nexus, Disruptor (Chrono Boost)  
  55  4:43  Gravitic Drive (Chrono Boost)  
  53  4:59  Stalker  
  55  5:07  Probe x2  
  55  5:11  Pylon  
  57  5:14  Stalker  
  57  5:19  Probe x2  
  57  5:21  Twilight Council  
  61  5:23  Forge  
  61  5:31  Probe x2  
  61  5:32  Stalker  
  65  5:42  Charge  
  65  5:43  Probe  
  66  5:51  Stalker  
  64  5:59  Stalker  
  64  6:00  Probe x2  
  69  6:08  Gateway  
  68  6:12  Gateway x2  
  68  6:14  Gateway  
  68  6:15  Probe x2  
  68  6:16  Probe  
  68  6:17  Gateway x2  
  71  6:24  Pylon  
  71  6:27  Probe x2  
  71  6:32  Protoss Ground Weapons Level 1 (Chrono Boost)  
  73  6:34  Zealot x2  
  73  6:36  Probe  
  73  6:39  Probe x2  
  76  6:48  Probe  
  76  6:50  Observer, Immortal  
  76  6:53  Probe x2  
  83  6:57  Pylon  
  83  7:01  Shield Battery, Probe  
  84  7:03  Sentry  
  84  7:04  Zealot x2  
  84  7:05  Probe  
  84  7:06  Probe  
  92  7:20  Zealot x5  
  92  7:22  Probe x2  
  104  7:23  Probe  
  105  7:38  Immortal  
  105  7:43  Dark Shrine  
  109  7:46  Pylon  
  109  7:50  Gateway  
  109  7:51  Gateway  
  88  8:01  Zealot x8  
  75  8:22  Zealot x8  
  75  8:25  Zealot x6  
  77  8:32  Pylon  
  77  8:34  Pylon, Disruptor (Chrono Boost)  
  73  8:41  Probe x3  
  65  8:45  Zealot  
  65  8:46  Zealot x7  
  59  9:05  Zealot  
  59  9:06  Zealot x4  
  59  9:09  Zealot  
  67  9:13  Zealot  
Tags
 
Add a new tag
Caveats
  • Supply blocks, unpowered buildings, or Contaminate may cause inaccurate times.
  • Supply counts are checked every 10 seconds.